AoeStats
← AiM | Facu1414

Arena

507182165Analyzed
4v4 RM · 14d ago on Sep 17, 2026· 44m 40s· 8 players
Game mode
Random Map
Map size
Large (8 player)
Population
200
Speed
Normal
Resources
Standard
Victory
Conquest
Starting age
Dark Age
Ending age
Imperial Age
RankedLock teamsTeams togetherTeam positionsShared explorationLock speedFull tech treeHidden civsTurbo modeCheats
Victory
Defeat
🇭🇰 Magyars · Hong Kong SAR China
1691
+12
🇺🇸 Britons · United States
1580
+16
🇯🇴 Armenians · Jordan
1574
+16
🇹🇼 Italians · Taiwan
1493
+20
🇲🇽 Burmese · Mexico
1609
-17
🇲🇽 Byzantines · Mexico
1608
-17
🇦🇷 Georgians · Argentina
1600
-17
🇦🇷 Gurjaras · Argentina
1520
-13
optimal_brain_damage
10:09 Feudal Age
10:30 Feudal Age
8:51 Loom
10:56 Feudal Age
15:42 Castle Age
14:43 Double-Bit Axe
15:37 Fletching
18:41 Horse Collar
24:02 Wheelbarrow
24:37 Bodkin Arrow
25:51 Bodkin Arrow
26:46 Padded Archer Armor
26:34 Town Watch
28:09 Bow Saw
28:46 Leather Archer Armor
32:47 Imperial Age
30:13 Gold Mining
30:23 Heavy Plow
31:22 Elite Skirmisher
32:55 Gold Shaft Mining
32:35 Stone Mining
34:02 Ring Archer Armor
33:56 Ballistics
34:54 Bracer
36:06 Conscription
36:51 Warwolf
38:30 Chemistry
44:49 Two-Man Saw
44:47 Yeomen
44:36 Elite Longbowman
快樂 543
10:40 Feudal Age
12:01 Double-Bit Axe
14:52 Castle Age
12:36 Horse Collar
16:10 Bow Saw
16:14 Heavy Plow
16:40 Gold Mining
18:11 Loom
33:51 Town Watch
38:12 Wheelbarrow
45:22 Imperial Age
42:46 Fletching
44:39 Ballistics
44:51 Padded Archer Armor
44:56 Murder Holes
CAPTAINKILL
10:32 Feudal Age
10:57 Horse Collar
11:04 Double-Bit Axe
12:01 Wheelbarrow
16:12 Castle Age
17:03 Bow Saw
16:56 Heavy Plow
17:13 Pikeman
17:54 Squires
18:38 Loom
21:48 Stone Mining
21:51 Gold Mining
21:46 Man-at-Arms
25:47 Hand Cart
31:44 Imperial Age
29:13 Arson
29:29 Scale Mail Armor
29:39 Forging
29:54 Forging
30:03 Town Watch
30:57 Chain Mail Armor
32:45 Iron Casting
31:53 Onager
35:09 Chemistry
34:30 Ballistics
33:39 Halberdier
37:54 Plate Mail Armor
37:45 Conscription
37:47 Fereters
37:35 Gambesons
38:56 Bombard Tower
40:02 Hoardings
40:40 Blast Furnace
39:32 Fletching
39:12 Capped Ram
40:44 Siege Ram
Random Civ Pocket
10:26 Feudal Age
11:33 Double-Bit Axe
14:05 Castle Age
12:11 Double-Bit Axe
12:45 Horse Collar
15:08 Bow Saw
15:20 Heavy Plow
19:18 Loom
20:04 Light Cavalry
21:31 Scale Barding Armor
25:57 Fletching
26:40 Ballistics
27:04 Bodkin Arrow
27:10 Padded Archer Armor
28:47 Bloodlines
33:33 Imperial Age
32:41 Leather Archer Armor
33:00 Husbandry
33:35 Stone Mining
34:23 Wheelbarrow
33:48 Capped Ram
34:47 Bracer
35:13 Conscription
35:48 Corvinian Army
36:14 Conscription
36:38 Heavy Cavalry Archer
38:37 Parthian Tactics
38:41 Chain Barding Armor
38:31 Town Watch
39:30 Ring Archer Armor
41:12 Plate Barding Armor
41:19 Recurve Bow
43:35 Two-Man Saw
41:59 Pikeman
42:40 Scale Mail Armor
45:09 Thumb Ring
44:38 Halberdier
45:35 Chain Mail Armor
JC Shoker
10:56 Feudal Age
11:08 Feudal Age
12:01 Loom
13:03 Wheelbarrow
13:28 Loom
15:53 Castle Age
13:48 Double-Bit Axe
14:38 Scale Mail Armor
14:24 Horse Collar
15:55 Loom
15:54 Pikeman
18:40 Chain Mail Armor
32:31 Loom
35:24 Imperial Age
33:30 Bow Saw
33:23 Heavy Plow
33:32 Elite Skirmisher
34:51 Fletching
35:42 Bodkin Arrow
36:41 Bracer
37:12 Ballistics
37:53 Chemistry
37:07 Padded Archer Armor
38:17 Leather Archer Armor
41:11 Ring Archer Armor
41:29 Hand Cart
CoterLee
10:02 Feudal Age
9:58 Loom
13:39 Castle Age
13:34 Gold Mining
15:06 Gold Shaft Mining
16:12 Sanctity
18:44 Fervor
21:08 Redemption
32:54 Horse Collar
34:16 Heavy Plow
39:56 Imperial Age
38:04 Wheelbarrow
38:53 Forging
38:48 Scale Barding Armor
39:24 Bloodlines
39:40 Husbandry
40:46 Elite Battle Elephant
42:43 Chain Barding Armor
44:55 Crop Rotation
AiM | Facu1414
10:46 Feudal Age
14:24 Castle Age
12:37 Double-Bit Axe
12:56 Horse Collar
21:37 Wheelbarrow
20:49 Loom
22:04 Gold Mining
24:19 Bow Saw
27:00 Imperial Age
24:52 Fletching
25:02 Padded Archer Armor
25:54 Ballistics
26:14 Bodkin Arrow
26:35 Leather Archer Armor
27:46 Thumb Ring
28:10 Husbandry
28:54 Gold Shaft Mining
29:12 Bracer
30:20 Chemistry
30:13 Heavy Plow
31:02 Bloodlines
30:58 Elite Elephant Archer
35:41 Frontier Guards
38:51 Light Cavalry
39:37 Scale Barding Armor
39:42 Forging
40:05 Conscription
40:23 Kshatriyas
41:04 Hussar
42:08 Chain Barding Armor
42:23 Iron Casting
41:49 Elite Skirmisher
AIM | Agua cate 98
2:48 Loom
6:27 Loom
8:19 Feudal Age
7:28 Loom
10:10 Fletching
10:19 Double-Bit Axe
12:18 Horse Collar
16:23 Wheelbarrow
18:18 Town Watch
22:43 Castle Age
21:39 Gold Mining
21:47 Stone Mining
24:10 Bow Saw
24:59 Hand Cart
26:56 Scale Mail Armor
27:04 Scale Barding Armor
29:14 Bodkin Arrow
30:28 Heavy Plow
31:05 Svan Towers
31:40 Town Patrol
31:35 Guard Tower
36:28 Imperial Age
35:17 Forging
35:55 Coinage
35:39 Gold Mining
36:27 Stone Shaft Mining
36:22 Masonry
37:18 Bracer
38:26 Chemistry
39:28 Ballistics
39:14 Husbandry
39:50 Bloodlines
39:50 Light Cavalry
42:13 Keep
41:26 Hussar
Connection lost

Rejoining the realm…

Still unreachable

The connection could not be restored.

Session expired

The server has moved on; the page needs a fresh start.